AoeStats
← Drballer

MegaRandom

503959856Analyzed
1v1 RM · 1mo ago on Sep 3, 2026· 51m 3s· 2 players
Game mode
Random Map
Map size
Tiny (2 player)
Population
200
Speed
Normal
Resources
Standard
Victory
Conquest
Starting age
Dark Age
Ending age
Imperial Age
RankedLock teamsTeams togetherTeam positionsShared explorationLock speedFull tech treeHidden civsTurbo modeCheats
Victory
Defeat
🇦🇷 Celts · Argentina
796
+29
🇳🇱 Vietnamese · Netherlands
814
-44
Drballer
11:32 Feudal Age
10:28 Loom
12:04 Double-Bit Axe
13:04 Horse Collar
14:54 Man-at-Arms
16:04 Arson
17:53 Scale Mail Armor
22:53 Castle Age
22:05 Wheelbarrow
21:45 Padded Archer Armor
22:11 Stone Mining
23:35 Forging
23:18 Fletching
23:50 Town Watch
24:49 Heavy Plow
25:01 Bow Saw
24:45 Gold Mining
28:59 Iron Casting
28:54 Bodkin Arrow
31:39 Leather Archer Armor
33:14 Hand Cart
32:46 Treadmill Crane
33:27 Ballistics
33:53 Gold Shaft Mining
33:53 Stone Shaft Mining
33:59 Masonry
36:17 Stronghold
38:57 Chain Mail Armor
40:14 Guard Tower
43:46 Imperial Age
42:51 Town Patrol
45:49 Plate Mail Armor
45:15 Heavy Cavalry Archer
48:45 Blast Furnace
49:44 Ring Archer Armor
hu.mike.nl
4:20 Loom
10:18 Feudal Age
11:08 Horse Collar
12:51 Double-Bit Axe
15:23 Gold Mining
17:24 Wheelbarrow
17:27 Man-at-Arms
19:27 Town Watch
24:24 Bloodlines
25:53 Forging
25:47 Scale Mail Armor
28:29 Castle Age
29:12 Scale Barding Armor
29:46 Iron Casting
30:25 Long Swordsman
30:28 Pikeman
36:23 Heavy Plow
37:11 Bow Saw
38:51 Husbandry
39:44 Chain Mail Armor
39:36 Stone Mining
40:20 Squires
42:09 Hand Cart
43:04 Stone Shaft Mining
43:57 Chain Barding Armor
44:39 Town Patrol
51:05 Imperial Age
Connection lost

Rejoining the realm…

Still unreachable

The connection could not be restored.

Session expired

The server has moved on; the page needs a fresh start.